 Dungeon Crawl Stone Soup version 0.30-a0-1160-g6e42c06551 (webtiles) character file.

Game seed: 8245792592272365180

661 bande the Covered (level 7, -12/44 HPs)
             Began as a Gargoyle Fighter on Apr 25, 2023.
             Was an Initiate of Okawaru.
             Mangled by a wight
             ... wielding a +4 war axe of freezing
              (14 damage)
             ... on level 8 of the Dungeon.
             The game lasted 00:05:55 (3795 turns).

bande the Covered (Gargoyle Fighter)                Turns: 3795, Time: 00:05:56

Health: -12/44     AC: 13    Str: 19    XL:     7   Next: 56%
Magic:  8/8        EV:  9    Int:  9    God:    Okawaru [......]
Gold:   302        SH:  5    Dex: 11    Spells: 6/6 levels left

rFire   . . .        a - +1 war axe (venom)
rCold   . . .        c - +1 buckler
rNeg    + . .        b - +0 scale mail
rPois   ∞            p - +0 helmet
rElec   +            (no cloak)
rCorr   .            (no gloves)
SInv    .            (no boots)
Will    +....        (no amulet) Stlth
                     (no ring)
HPRegen 0.27/turn    (no ring)
MPRegen 0.11/turn

%: clarity
@: mighty
A: sickness immunity, AC +4, negative energy resistance 1, electricity
resistance, torment resistance 1, petrification resistance, clarity,
strong-willed 1
a: Renounce Religion


You were on level 8 of the Dungeon.
You worshipped Okawaru.
Okawaru was noncommittal.
You visited 2 branches of the dungeon, and saw 7 of its levels.

You collected 302 gold pieces.

Inventory:

Hand Weapons
 a - a +1 war axe of venom (weapon)
 l - a +0 war axe
Armour
 b - a +0 scale mail (worn)
 c - a +1 buckler (worn)
 p - a +0 helmet (worn)
Jewellery
 g - an amulet of magic regeneration
 s - a ring of fire
Scrolls
 k - a scroll of blinking
 q - 2 scrolls of enchant armour
 t - a scroll of enchant weapon
Potions
 e - a potion of flight {unknown}
 f - 2 potions of curing
 h - a potion of heal wounds {unknown}
 i - 4 potions of mutation
 j - 3 potions of haste {unknown}
 m - a potion of invisibility {unknown}
 n - a potion of magic {unknown}
 o - 2 potions of degeneration {unknown}
 r - 2 potions of brilliance
 u - a potion of lignification {unknown}


   Skills:
 + Level 4.3 Fighting
 + Level 5.3 Axes
 + Level 5.4 Armour
 + Level 4.1 Shields
 * Level 1.8 Invocations


You had 6 spell levels left.
You didn't know any spells.
Your spell library contained the following spells:

 Spells                   Type           Power      Damage    Failure   Level
 Inner Flame              Hex/Fire       0%         N/A       99%         3
 Flame Wave               Conj/Fire      0%         2d4       100%        4
 Petrify                  Tmut/Erth      0%         N/A       100%        4
 Sticky Flame             Conj/Fire      0%         2d3       100%        4
 Irradiate                Conj/Tmut      0%         3d11      100%        5
 Sublimation of Blood     Necr           Unusable   N/A       N/A         2

Dungeon Overview and Level Annotations

Branches:
Dungeon (5/15)             Temple (1/1) D:4

Altars:
Ashenzari
Cheibriados
Dithmenos
Elyvilon
Fedhas
Gozag
Hepliaklqana
Kikubaaqudgha
Nemelex Xobeh
Okawaru
Qazlal
Sif Muna
Uskayaw
Xom

Shops:
D:1 ?

Annotations:
D:5 1 transporter


Innate Abilities, Weirdness & Mutations

You are immune to sickness and miasma.
Your stone body is resilient. (AC +4)
You are immune to poison.
You resist negative energy. (rN+)
You are resistant to electric shocks. (rElec)
You are resistant to unholy torment.
You are immune to petrification.
You possess an exceptional clarity of mind.
You are strong-willed. (Will+)


Message History

You kill the goblin!
Okawaru accepts your kill.
You completely miss the wight.
The wight hits you with a +2 dagger of freezing.
The wight freezes you. The wight completely misses you.
The wight closely misses you.
You feel very mighty all of a sudden. The goblin hits you but does no damage.
You block the wight's attack. The wight hits you with a +0 hand axe.
* * * LOW HITPOINT WARNING * * *
Unknown command.
You closely miss the wight. You hit the wight. You hit the goblin.
You kill the goblin!
Okawaru accepts your kill.
You miss the goblin. The goblin hits you but does no damage.
You block the wight's attack.
Unknown command.
The goblin hits you but does no damage. The wight barely misses you.
The goblin hits you but does no damage. The wight hits you but does no damage.
You block the wight's attack.
Things that are here:
a boomerang; a goblin corpse Unknown command.
You hit the wight.
The wight is moderately damaged.
You slash the goblin!
You kill the goblin!
Okawaru accepts your kill.
You slash the wight! You slash the goblin!
You kill the goblin!
Okawaru accepts your kill.
You barely miss the wight. You completely miss the wight.
The wight hits you with a +0 falchion of flaming.
* * * LOW HITPOINT WARNING * * *
The wight burns you.
* * * LOW HITPOINT WARNING * * *
The wight hits you but does no damage. The wight hits you with a +0 hand axe.
* * * LOW HITPOINT WARNING * * *
The wight hits you with a +4 war axe of freezing!
You die...

#....##.# ≈...≈.....#
#.#..##.# .≈≈~≈≈.$...#
#.#.....#
.........<.######.##..#.#
........................#
#..........####...##..###
##........## #.####..#
#......(z..# #.# #..#
#......z@(.####.# #..#
#>.....z.z......# #..#
#.........?###..# #..#
#....<.....# #.## ####
##...$....## ###
##......## ########


You could see 4 wights.

Vanquished Creatures
  A steam dragon (D:8)
  The ghost of qeuew the Slasher, an amateur DsGl of Makhleb (D:2)
  2 jellies
  An orc priest (D:4)
  3 hounds
  2 iguanas (D:5)
  Jessica (D:2)
  An orc wizard (D:4)
  Robin (D:2)
  4 adders
  A white imp (D:5)
  A worm (D:2)
  2 dart slugs
  10 orcs
  8 ball pythons
  7 endoplasms
  A giant cockroach (D:3)
  18 goblins
  10 hobgoblins
  3 jackals (D:2)
  7 kobolds
  2 quokkas (D:2)
  4 bats
  3 frilled lizards
  3 rats
  A spectral goblin (D:3)
98 creatures vanquished.

Vanquished Creatures (collateral kills)
  A frilled lizard (D:2)
1 creature vanquished.

Vanquished Creatures (others)
  8 fungi (D:8)
  5 plants (D:8)
13 creatures vanquished.

Grand Total: 112 creatures vanquished

Notes
Turn   | Place    | Note
-------+----------+-------------------------------------------
     0 | D:1      | bande the Gargoyle Fighter began the quest for the Orb.
     0 | D:1      | Reached XP level 1. HP: 14/14 MP: 1/1
   148 | D:1      | Reached XP level 2. HP: 11/19 MP: 2/2
   346 | D:1      | Found Biruriuwn's Magic Scroll Shop.
   490 | D:1      | Reached XP level 3. HP: 22/23 MP: 3/3
  1019 | D:2      | Noticed Robin
  1031 | D:2      | Killed Robin
  1032 | D:2      | Reached XP level 4. HP: 15/28 MP: 4/4
  1098 | D:2      | Found a hide-covered altar of Uskayaw.
  1234 | D:2      | Noticed Jessica
  1243 | D:2      | Killed Jessica
  1317 | D:2      | Gained mutation: You possess an exceptional clarity of
                  | mind. [potion of mutation]
  1317 | D:2      | Gained mutation: You are strong-willed. (Will+) [potion of
                  | mutation]
  1501 | D:3      | Found a runed translucent gate.
  1501 | D:3      | Found a runed translucent gate.
  1501 | D:3      | Found a runed translucent gate.
  1504 | D:3      | Noticed qeuew's ghost (amateur DsGl)
  1522 | D:3      | Reached XP level 5. HP: 33/33 MP: 5/5
  1562 | D:3      | Found a faded altar of an unknown god.
  2272 | D:2      | Killed qeuew's ghost
  2273 | D:2      | Reached XP level 6. HP: 13/38 MP: 6/6
  2650 | D:4      | Found a blossoming altar of Fedhas.
  3026 | D:4      | Found a staircase to the Ecumenical Temple.
  3037 | Temple   | Entered the Ecumenical Temple
  3061 | Temple   | Became a worshipper of Warmaster Okawaru
  3108 | D:4      | Found a white marble altar of Elyvilon.
  3313 | D:5      | Entered Level 5 of the Dungeon
  3328 | D:5      | Found a hide-covered altar of Uskayaw.
  3347 | D:5      | Reached skill level 5 in Armour
  3353 | D:5      | Reached XP level 7. HP: 29/43 MP: 7/7
  3508 | D:5      | Noticed a +0 hand axe
  3508 | D:5      | Noticed a +0 hand axe
  3565 | D:5      | Found a transporter.
  3601 | D:5      | Reached skill level 5 in Axes
  3601 | D:5      | Reached skill level 1 in Invocations
  3724 | D:5      | You fall into a shaft and drop 3 floors!
  3773 | D:8      | Noticed a steam dragon
  3784 | D:8      | Killed a steam dragon
  3795 | D:8      | HP: 2/44 [wight/+0 hand axe (3)]
  3795 | D:8      | Mangled by a wight

Illustrated notes

Levels and vault maps discovered:
D:1:      matt_arrival_los_fun, layout_basic, serial_shops,
          nicolae_shop_window_shopping, minmay_split_cup_large
D:2:      layout_loops_corners, basic_altar, uniq_robin, uniq_jessica
D:3:      layout_basic, serial_curves, eino_curves_04, eino_curves_03,
          dreamdust_ecumenical_altar_drowned_temple, gammafunk_ghost_split,
          chequers_garden
D:4:      layout_cave_pools, fedhas_altar_3, general_overflow_altar, temple_hall
D:5:      gammafunk_wand_slinger, layout_loops_corners, dancing_weapons_uskayaw,
          lemuel_tele_altar, mainiacjoe_overflow_alcove_2
D:8:      layout_rooms, nicolae_tso_carved_into_rock,
          grunt_lair_entry_orc_guard_hut, enter_bailey_5, roderic_batcave
Temple:   eino_wide_crystal_templ

Skill      XL: |  1  2  3  4  5  6  7 |
---------------+----------------------+-----
Axes           | 2 3 4 5 |  5.3
Armour         | 4 5 |  5.4
Fighting       | 4 |  4.3
Shields        | 4 |  4.1
Invocations    | 1 |  1.8

Action                     |  1- 3 |  4- 6 |  7- 9 || total
---------------------------+-------+-------+-------++-------
  Melee: War axe           |    70 |   130 |    29 ||   229
    Use: Scroll            |     7 |     6 |       ||    13
         Potion            |       |     3 |     3 ||     6
 Armour: Scale mail        |    37 |    64 |    31 ||   132
  Dodge: Dodged            |    30 |    50 |    19 ||    99
  Block: Buckler           |    16 |    28 |    12 ||    56

Table legend: (Time is in decaauts)
 A = Elapsed time spent in this place.
 B = Non-inter-level travel time spent in this place.
 C = Inter-level travel time spent in this place.
 D = Time resting spent in this place.
 E = Time spent auto-exploring this place.
 F = Levels seen in this place.
 G = Mean time per level.
                   A        B        C        D        E       F      G
               +--------+--------+--------+--------+--------+-----+--------+
         Total |   3884 |   3814 |     70 |    645 |   2447 |   7 |  554.9 |
       Dungeon |   3842 |   3772 |     70 |    645 |   2434 |   6 |  640.3 |
        Temple |     41 |     41 |      0 |      0 |     13 |   1 |   41.0 |
               +--------+--------+--------+--------+--------+-----+--------+

Top non-repeatable levels by time:
     D:2: 1312 daAuts
     D:3: 746 daAuts
     D:4: 669 daAuts
     D:1: 620 daAuts
     D:5: 419 daAuts
     D:8: 74 daAuts
  Temple: 41 daAuts
